 Dungeon Crawl Stone Soup version 0.30-a0-643-g638baaf3f0 (webtiles) character file.

Game seed: 2844988909359584448

2748 funkygono the Reanimator (level 9, -2/59 HPs)
             Began as a Demonspawn Necromancer on Jan 15, 2023.
             Was a Follower of Vehumet.
             Slain by a yak (10 damage)
             ... on level 7 of the Dungeon on Jan 16, 2023.
             The game lasted 00:16:25 (6522 turns).

funkygono the Reanimator (Demonspawn Necromancer)   Turns: 6522, Time: 00:16:26

Health: -2/59      AC: 12    Str:  9    XL:     9   Next: 41%
Magic:  17/21      EV: 13    Int: 26    God:    Vehumet [*.....]
Gold:   357        SH:  4    Dex: 14    Spells: 10/24 levels left

rFire   . . .      SeeInvis .    l - +5 short sword
rCold   . . .      Faith    .    (no shield)
rNeg    . . .      Spirit   .    i - +2 robe
rPois   .          Reflect  .    y - +1 helmet
rElec   .          Harm     .    k - +1 cloak
rCorr   .          Rampage  .    (gloves unavailable)
Will    .....                    (no boots)
Stlth   ++                       q - amulet of regeneration
HPRegen 1.09/turn                o - +6 ring of intelligence
MPRegen 0.17/turn                (no ring)

@: animating dead
A: foul stench 1, icemail 1, condensation shield, demonic touch 3
a: Renounce Religion


You were on level 7 of the Dungeon.
You worshipped Vehumet.
Vehumet was aware of your devotion.
You visited 2 branches of the dungeon, and saw 8 of its levels.

You collected 357 gold pieces.

Inventory:

Hand Weapons
 c - a +0 dagger
 e - a +0 whip
 l - a +5 short sword (weapon)
 p - the +6 spear of Otesor {flame, Fragile +Blink rElec Stlth+}
   (You found it on level 2 of the Dungeon)

   rElec:     It insulates you from electricity.
   +Blink:    It lets you blink.
   Fragile:   It will be destroyed if unequipped.
   Stlth:     It makes you more stealthy.
 s - a +2 flail of protection
Armour
 h - a scarf of shadows
 i - a +2 robe (worn)
 k - a +1 cloak (worn)
 n - a +2 cloak
 y - a +1 helmet (worn)
Magical Staves
 f - a staff of death
Jewellery
 o - a +6 ring of intelligence (left hand)
 q - an amulet of regeneration (around neck)
Wands
 v - a wand of quicksilver (12)
Scrolls
 d - a scroll of poison
 m - 6 scrolls of teleportation
 x - a scroll of enchant armour
Potions
 b - 2 potions of magic
 g - 2 potions of flight
 j - 2 potions of heal wounds
 r - a potion of haste
 u - 3 potions of might
 w - 2 potions of mutation
 z - a potion of resistance
 A - 2 potions of curing
 C - a potion of berserk rage


   Skills:
 + Level 1.1 Fighting
 + Level 3.1 Short Blades
 + Level 3.3 Dodging
 - Level 1.7 Stealth
 + Level 1.8 Shields
 + Level 8.3 Spellcasting
 + Level 9.6 Necromancy


You had 10 spell levels left.
You knew the following spells:

 Your Spells              Type           Power      Damage    Failure   Level
a - Necrotise             Necr           100%       1d9       1%          1
b - Vampiric Draining     Necr           57%        2d10      1%          3
c - Animate Dead          Necr           57%        N/A       1%          4
d - Agony                 Necr           57%        N/A       3%          5
e - Shock                 Conj/Air       40%        1d5       5%          1

Your spell library contained the following spells:

 Spells                   Type           Power      Damage    Failure   Level
 Kiss of Death            Conj/Necr      100%       2d13      1%          1
 Ensorcelled Hibernation  Hex/Ice        20%        N/A       9%          2
 Passwall                 Tmut/Erth      8%         N/A       9%          2
 Ozocubu's Armour         Ice            10%        N/A       17%         3
 Swiftness                Air            10%        N/A       17%         3
 Airstrike                Air            5%         2d(1-17)  50%         4
 Ozocubu's Refrigeration  Ice            5%         4d8       100%        7


Dungeon Overview and Level Annotations

Branches:
Dungeon (7/15)             Temple (1/1) D:6

Altars:
Ashenzari
Cheibriados
Dithmenos
Fedhas
Gozag
Kikubaaqudgha
Makhleb
Nemelex Xobeh
Okawaru
Qazlal
Ru
Sif Muna
Trog
Uskayaw
Vehumet
Wu Jian
Xom
Yredelemnul

Shops:
D:6 *


Innate Abilities, Weirdness & Mutations

You may rarely emit foul miasma when damaged in melee.
A meltable icy envelope protects you from harm. (AC +4)
A meltable shield of frost defends you. (SH +4)
Your touch may irresistibly damage your foes and sap their willpower.


Message History

You dismiss your zombies and call upon the dead to rise afresh.
Unknown command.
Found 3 poisoned darts.
A yak comes into view.
Casting: Animate Dead (dangerous; 1% risk of failure)
Confirm with . or Enter, or press ? or * to list all spells.
Aiming: Necrotise (safe; 1% risk of failure)
Press: ? - help, Shift-Dir - straight line, f/p - yak
Aim: a yak (chance to affect: 83%)
The yak writhes in agony!
Unknown command.
You hit the yak. Your touch misses the yak.
The yak is moderately wounded.
The yak completely misses you.
You hit the yak but do no damage.
The yak is moderately wounded.
The yak gores you. The yak gores you! The yak barely misses you.
The yak gores you but does no damage.
You hit the yak but do no damage.
You touch the yak!!
You sap its willpower!
The yak is severely wounded.
You hit the yak but do no damage. Your touch misses the yak.
The yak is severely wounded.
The yak gores you!
You barely miss the yak. The yak gores you. x3
You barely miss the yak.
The yak is severely wounded.
You block the yak's attack. The yak gores you! The yak barely misses you.
You hit the yak. You punch the yak.
The yak is almost dead.
The yak gores you. The yak gores you!
* * * LOW HITPOINT WARNING * * *
The yak attacks as you move away! The yak misses you.
The yak completely misses you.
You closely miss the yak. Your touch misses the yak.
The yak gores you but does no damage. The yak closely misses you.
The yak gores you.
* * * LOW HITPOINT WARNING * * *
The yak gores you!
You die...

#[#.#####
#.#.#...
#.#.#..#
#.#.#..#
#.#.#..#
########.#.#..##
.(.......#.....#
......YYY<...###
.......@Y....#
############.#
##############
#.#
##...........#
#.#
##...........#
#Z#
##...........#
#.#
##...........#
#Z#
##...........#
#Z#
##..)........##
###.###


You could see 4 yaks.

Vanquished Creatures
  Grinder (D:5)
  A steam dragon (D:6)
  Edmund (D:6)
  Duvessa (D:6)
  3 ice beasts
  A sky beast (D:6)
  A black bear (D:7)
  2 ogres (D:4)
  A centaur (D:6)
  3 phantoms
  2 kobold brigands
  2 necrophages
  A bullfrog (D:6)
  A gnoll sergeant (D:7)
  3 scorpions
  Dowan (D:6)
  A howler monkey (D:7)
  3 hounds
  3 jellies (D:5)
  An orc priest (D:7)
  2 iguanas
  3 orc wizards
  7 gnolls
  5 adders
  5 shadow imps
  A white imp (D:6)
  An ufetubus (D:4)
  2 worms
  A dart slug (D:2)
  9 orcs
  3 bats (D:2)
  6 endoplasms
  A giant cockroach (D:1)
  9 goblins
  6 hobgoblins
  5 jackals
  7 kobolds
  2 quokkas
  5 ball pythons
  A frilled lizard (D:1)
114 creatures vanquished.

Vanquished Creatures (collateral kills)
  A kobold brigand (D:7)
  An orc (D:7)
  A jackal (D:4)
  3 kobolds
6 creatures vanquished.

Vanquished Creatures (others)
  A kobold zombie (D:7)
  3 gnoll zombies (D:7)
  2 orc zombies (D:7)
  A demonic plant (D:4)
7 creatures vanquished.

Grand Total: 127 creatures vanquished

Notes
Turn   | Place    | Note
-------+----------+-------------------------------------------
     0 | D:1      | funkygono the Demonspawn Necromancer began the quest for
                  | the Orb.
     0 | D:1      | Reached XP level 1. HP: 13/13 MP: 3/3
   148 | D:1      | Found a faded altar of an unknown god.
   562 | D:1      | Gained mutation: You may rarely emit foul miasma when
                  | damaged in melee. [demonic ancestry]
   562 | D:1      | Reached XP level 2. HP: 19/19 MP: 3/5
  1102 | D:2      | Reached skill level 5 in Necromancy
  1327 | D:2      | Found an iron altar of Okawaru.
  1392 | D:2      | Identified the +6 spear of Otesor {flame, Fragile +Blink
                  | rElec Stlth+}
  1439 | D:2      | Gained mutation: A meltable shield of frost defends you.
                  | (SH +4) [demonic ancestry]
  1439 | D:2      | Reached XP level 3. HP: 24/24 MP: 2/6
  2056 | D:3      | Learned a level 3 spell: Vampiric Draining
  2176 | D:3      | Noticed a phantom
  2213 | D:3      | HP: 1/24 [phantom (5)]
  2216 | D:3      | Killed a phantom
  2217 | D:3      | Gained mutation: Your touch may inflict minor irresistible
                  | damage on your foes. [demonic ancestry]
  2217 | D:3      | Reached XP level 4. HP: 2/30 MP: 4/9
  2636 | D:4      | Gained mutation: Your touch may inflict irresistible damage
                  | on your foes. [demonic ancestry]
  2636 | D:4      | Reached XP level 5. HP: 35/35 MP: 7/10
  2746 | D:4      | Noticed an ogre
  2767 | D:4      | Reached skill level 1 in Shields
  2775 | D:4      | Killed an ogre
  2911 | D:4      | Reached XP level 6. HP: 41/41 MP: 5/12
  2918 | D:4      | Reached skill level 6 in Necromancy
  3112 | D:4      | Learned a level 4 spell: Animate Dead
  3610 | D:5      | Entered Level 5 of the Dungeon
  3685 | D:5      | Reached skill level 1 in Short Blades
  3763 | D:5      | Reached skill level 5 in Spellcasting
  3763 | D:5      | Gained mutation: A meltable icy envelope protects you from
                  | harm. (AC +4) [demonic ancestry]
  3763 | D:5      | Reached XP level 7. HP: 46/46 MP: 6/14
  3766 | D:5      | Reached skill level 7 in Necromancy
  3914 | D:5      | Noticed Grinder
  3918 | D:5      | Paralysed by Grinder for 5 turns
  3926 | D:5      | Paralysed by Grinder for 5 turns
  3937 | D:5      | Paralysed by Grinder for 4 turns
  3955 | D:5      | Killed Grinder
  4445 | D:5      | Found a radiant altar of Vehumet.
  4451 | D:5      | Found a shimmering altar of Xom.
  4458 | D:5      | Gained mutation: Your touch may irresistibly damage your
                  | foes and sap their willpower. [demonic ancestry]
  4458 | D:5      | Reached XP level 8. HP: 44/53 MP: 10/17
  4461 | D:5      | Became a worshipper of Vehumet
  4465 | D:5      | Found a shimmering blue altar of Sif Muna.
  4465 | D:5      | Found a basalt altar of Yredelemnul.
  4465 | D:5      | Found a shadowy altar of Dithmenos.
  4466 | D:5      | Found a hide-covered altar of Uskayaw.
  4467 | D:5      | Found an ornate altar of the Wu Jian Council.
  4500 | D:5      | Found a bloodstained altar of Trog.
  4501 | D:5      | Found a sacrificial altar of Ru.
  4549 | D:5      | Upgraded the game from 0.30-a0-637-gacddeb6d44 to
                  | 0.30-a0-643-g638baaf3f0
  4596 | D:6      | Reached skill level 8 in Necromancy
  4762 | D:6      | Noticed Duvessa
  4779 | D:6      | Reached skill level 1 in Fighting
  4795 | D:6      | Killed Duvessa
  4857 | D:6      | Noticed Dowan
  4868 | D:6      | Killed Dowan
  4990 | D:6      | Found Xoloh's Assorted Antiques.
  5226 | D:6      | Found a staircase to the Ecumenical Temple.
  5226 | D:6      | Noticed Edmund
  5240 | D:6      | Killed Edmund
  5241 | D:6      | Reached skill level 9 in Necromancy
  5248 | D:6      | Reached XP level 9. HP: 59/59 MP: 4/20
  5277 | Temple   | Entered the Ecumenical Temple
  5979 | D:6      | Learned a level 5 spell: Agony
  5981 | D:6      | Learned a level 1 spell: Shock
  6296 | D:7      | Reached * piety under Vehumet
  6296 | D:7      | Offered knowledge of Kiss of Death by Vehumet.
  6522 | D:7      | Slain by a yak

Illustrated notes

Levels and vault maps discovered:
D:1:      scummos_arrival_forest, layout_basic,
          ebering_ecumenical_altar_petrified
D:2:      layout_loops_cross, basic_altar, roderic_lattice_a
D:3:      layout_rooms, hangedman_feature_mirror, minmay_crystal_water
D:4:      layout_loops_ring, serial_demonic, serial_demonic_c, serial_demonic_a,
          serial_demonic_f, serial_demonic_e
D:5:      layout_rooms, minitemple, uniq_grinder
D:6:      layout_basic, minmay_temple_entry_water_ring, serial_shops,
          shop_coins, minmay_crossroads, uniq_edmund, uniq_duvessa
D:7:      layout_basic, mainiacjoe_overflow_tiny_flanked, gammafunk_ghost_hive
Temple:   chequers_temple_sunken

Skill      XL: |  1  2  3  4  5  6  7  8  9 |
---------------+----------------------------+-----
Necromancy     | 5 6 7 9 |  9.6
Spellcasting   | 3 4 5 6 7 8 |  8.3
Shields        | 1 |  1.8
Dodging        | 2 3 |  3.3
Short Blades   | 1 2 3 |  3.1
Fighting       | 1 |  1.1
Stealth        | |  1.7

Action                   |  1- 3 |  4- 6 |  7- 9 || total
-------------------------+-------+-------+-------++-------
Melee: Dagger            |     1 |       |       ||     1
       Short sword       |    23 |    38 |   109 ||   170
       Touch             |       |     6 |    20 ||    26
       Punch             |       |       |     4 ||     4
 Cast: Necrotise         |    67 |    59 |   157 ||   283
       Vampiric Draining |       |     2 |     2 ||     4
       Animate Dead      |       |       |     6 ||     6
       Agony             |       |       |     1 ||     1
  Use: Scroll            |       |       |    17 ||    17
Armor: Robe              |     5 |    13 |    97 ||   115
Dodge: Dodged            |    13 |    35 |   105 ||   153
Block: Other             |     2 |     3 |    40 ||    45

Table legend: (Time is in decaauts)
 A = Elapsed time spent in this place.
 B = Non-inter-level travel time spent in this place.
 C = Inter-level travel time spent in this place.
 D = Time resting spent in this place.
 E = Time spent auto-exploring this place.
 F = Levels seen in this place.
 G = Mean time per level.
                   A        B        C        D        E       F      G
               +--------+--------+--------+--------+--------+-----+--------+
         Total |   6560 |   6365 |    195 |    143 |   5129 |   8 |  820.0 |
       Dungeon |   6221 |   6058 |    163 |    143 |   4827 |   7 |  888.7 |
        Temple |    339 |    308 |     31 |      0 |    301 |   1 |  339.0 |
               +--------+--------+--------+--------+--------+-----+--------+

Top non-repeatable levels by time:
     D:6: 1155 daAuts
     D:2: 1126 daAuts
     D:4: 976 daAuts
     D:5: 948 daAuts
     D:1: 920 daAuts
     D:3: 583 daAuts
     D:7: 510 daAuts
  Temple: 339 daAuts
